 Dungeon Crawl Stone Soup version 0.18-a0-1027-g814d7dd (webtiles) character file.

129889 Duffy the Fencer (level 16, -7/147 HPs)
             Began as a Minotaur Berserker on Jan 8, 2016.
             Was the Champion of Trog.
             Killed from afar by a tengu reaver (17 damage)
             ... with a bolt of lightning
             ... on level 3 of the Depths.
             The game lasted 00:53:13 (28787 turns).

Duffy the Fencer (Minotaur Berserker)              Turns: 28787, Time: 00:53:13

Health: -7/147     AC: 31    Str: 26    XL:     16   Next: 51%
Magic:  10/10      EV: 22    Int:  4    God:    Trog [******]
Gold:   66         SH:  0    Dex: 20    Spells: 0 memorised, 15 levels left

rFire  + + .     SeeInvis .     U - +11 great sword of Crusades {antimagic, MR+ Str+4}
rCold  + . .     Gourm    .     h - +2 fire dragon armour
rNeg   . . .     Faith    +     (shield currently unavailable)
rPois  .         Spirit   .     N - +2 hat {MR+}
rElec  .         Dismiss  .     W - +1 cloak
rCorr  +         Reflect  .     j - +2 pair of gloves {rC+}
SustAt .         Harm     .     o - +2 pair of boots {rC+}
MR     ++++.                    G - amulet of faith
Stlth  ..........               C - ring of magical power
                                D - ring of Cuvymim {rCorr MR+ Dex+4}

@: incredibly resistant to hostile enchantments, extremely unstealthy
A: retaliatory headbutt, horns 2, rough black scales 1
a: Berserk, Trog's Hand, Brothers in Arms, Burn Spellbooks, Renounce Religion


You were on level 3 of the Depths.
You worshipped Trog.
Trog was exalted by your worship.
You were not hungry.

You visited 5 branches of the dungeon, and saw 29 of its levels.
You also visited: Labyrinth and Ice Cave.

You collected 3283 gold pieces.
You spent 3217 gold pieces at shops.


Innate Abilities, Weirdness & Mutations

You reflexively headbutt those who attack you in melee.
You have a pair of horns on your head.
You are partially covered in rough black scales (AC +4, Dex -1).


   Skills:
 + Level 14.6 Fighting
 + Level 20.3 Long Blades
 + Level 14.7 Armour
 + Level 14.0 Dodging
 - Level 10.0 Evocations


You had 15 spell levels left.
You didn't know any spells.

Inventory:

Hand Weapons
 z - a +0 blowgun
 U - the +11 great sword of Crusades (weapon) {antimagic, MR+ Str+4}

   It disrupts the flow of magical energy around spellcasters and certain
   magical creatures (including the wielder).
   It affects your strength (+4).
   It affects your resistance to hostile enchantments.
Missiles
 a - 8 curare-tipped needles
 i - a throwing net (quivered)
 y - 69 poisoned needles
Armour
 h - a +2 fire dragon armour (worn)
 j - a +2 pair of gloves of cold resistance (worn)
 o - a +2 pair of boots of cold resistance (worn)
 N - a +2 hat of magic resistance (worn)
 W - a +1 cloak (worn)
Jewellery
 C - a ring of magical power (right hand)
 D - the ring of Cuvymim (left hand) {rCorr MR+ Dex+4}

   [ring of resist corrosion]

   It affects your dexterity (+4).
   It affects your resistance to hostile enchantments.
 G - an amulet of faith (around neck)
Wands
 r - a wand of disintegration (8/24)
 u - a wand of cold (7/15)
 A - a wand of teleportation (2/9)
 F - a wand of draining (4/15)
 H - a wand of fire (14/15)
 J - a wand of paralysis (11/24)
 O - a wand of draining (6/15)
Scrolls
 d - 3 scrolls of enchant weapon
 f - 3 scrolls of immolation
 g - 12 scrolls of remove curse
 l - 2 scrolls of fog
 q - 4 scrolls of magic mapping
 v - 4 scrolls of recharging
 w - 10 scrolls of teleportation
 B - a scroll of silence
 L - 2 scrolls of holy word
 P - 3 scrolls of summoning
 Q - 3 scrolls of fear
 X - 3 scrolls of blinking
Potions
 e - 4 potions of haste
 k - 3 potions of curing
 m - 2 potions of resistance
 n - 4 potions of might
 p - 6 potions of agility
 t - a potion of heal wounds
 x - 5 potions of flight
 K - a potion of poison {unknown}
 M - 5 potions of lignification
 T - 2 potions of invisibility
Miscellaneous
 I - a lantern of shadows
 S - a fan of gales
Comestibles
 b - 7 chunks of flesh
 c - 12 bread rations
 s - 14 royal jellies
 V - 6 meat rations
 Z - 20 fruits

Dungeon Overview and Level Annotations

Branches:
Dungeon (15/15)            Temple (0/1) D:6            Lair (8/8) D:8
 Shoals (0/4) Lair:6        Snake (1/4) Lair:4          Orc (2/2) D:12
    Elf (0/3) Orc:2        Vaults (0/5) D:14         Depths (3/5) D:15
  Slime: Lair:6-8

Altars:
Ashenzari
Dithmenos
Fedhas
Kikubaaqudgha
Nemelex Xobeh
Pakellas
Ru
Trog
Vehumet
Xom
Yredelemnul
The Shining One
Beogh

Shops:
D:6 ??%   D:13 :   Orc:2 [(*=

Portals:
Pandemonium: Depths:3

Annotations:
Lair:6 exclusion: oklob plant
Lair:7 exclusion: oklob plant


Message History

You feel less exhausted.
The deep elf elementalist shouts!
The sea snake changes into an anubis guard!
The azure jelly changes into a dire elephant!
The necromancer casts a spell.
The necromancer flickers and vanishes!
Deactivating autopickup; reactivate with Ctrl-A.
The deep elf elementalist mumbles some strange words.
The deep elf elementalist seems to speed up.
The fire giant barely misses you.
The frost giant hits you with a battleaxe of freezing!
The frost giant freezes you.
The anubis guard changes into a shock serpent!
The dire elephant changes into an alligator snapping turtle!
The tengu reaver barely misses you.
The tengu reaver pecks you but does no damage.
The tengu reaver claws you but does no damage.
The frost giant completely misses you. The fire giant barely misses you.
The alligator snapping turtle changes into an apis!
The tengu reaver hits you but does no damage.
The tengu reaver completely misses you.
The tengu reaver claws you but does no damage.
The frost giant hits you with a battleaxe of freezing!
The frost giant freezes you.
The fire giant points at you and mumbles some strange words.
The bolt of fire hits you! You resist.
The tengu reaver hits you but does no damage.
The tengu reaver pecks you but does no damage.
The tengu reaver completely misses you. The fire giant closely misses you.
The frost giant completely misses you. You furiously retaliate!
You headbutt the frost giant.
The shock serpent changes into a mana viper!
The tengu reaver casts a spell at you. The bolt of lightning hits you!
You die...

#. ....# #. ...# #. ..S#
#< *Y# #### {X# #...
#######Q# #.## ......CQ#
######.## #..C@#
#......#. #....#
####.##...#. #....#
#..#.##.#.#.
####[...#####..#.##.#.#.
##................##.#.##
#..)#.#.########..##.#.#.
#.###.#.##......!..#.#.#.
#.....#.##.....#.#...#.#.
#..####.##..##.#.#.###.#.


You could see a tentacled monstrosity, an apis shaped shifter, a frost giant, a
fire giant, 2 tengu reavers, a mana viper shaped shifter and a battlesphere.

Action                   |  1- 3 |  4- 6 |  7- 9 | 10-12 | 13-15 | 16-18 || total
-------------------------+-------+-------+-------+-------+-------+-------++-------
Melee: Falchion          |    85 |   121 |       |       |       |       ||   206
       Long sword        |       |    26 |       |       |       |       ||    26
       Scimitar          |       |    12 |   283 |   175 |       |       ||   470
       Great sword       |       |       |       |   438 |  1220 |   198 ||  1856
Invok: Berserk           |       |     2 |     5 |     8 |     9 |     1 ||    25
       Trog's Hand       |       |       |       |     1 |       |     1 ||     2
       Burn Spellbooks   |       |       |       |     2 |     3 |       ||     5
Evoke: Wand              |       |       |       |       |     7 |       ||     7
  Use: Scroll            |       |       |       |    14 |    16 |     3 ||    33
       Potion            |       |       |       |     1 |       |     3 ||     4
 Stab: Invisible         |       |       |     1 |       |       |       ||     1
  Eat: Chunk             |     1 |     9 |    16 |    29 |    29 |     1 ||    85
       Beef jerky        |       |       |     2 |       |     8 |     3 ||    13
       Pizza             |       |       |       |       |     7 |       ||     7
       Bread ration      |       |       |       |       |       |     1 ||     1

Notes
Turn   | Place    | Note
--------------------------------------------------------------
     0 | D:1      | Duffy the Minotaur Berserker began the quest for the Orb.
     0 | D:1      | Reached XP level 1. HP: 19/19 MP: 0/0
   198 | D:1      | Reached skill level 4 in Long Blades
   198 | D:1      | Reached XP level 2. HP: 27/27 MP: 1/1
   571 | D:1      | Reached ** piety under Trog
   637 | D:1      | Reached XP level 3. HP: 33/33 MP: 2/2
  1008 | D:1      | Reached skill level 5 in Long Blades
  1405 | D:2      | Reached XP level 4. HP: 40/40 MP: 3/3
  1681 | D:2      | Reached skill level 6 in Long Blades
  1999 | D:2      | Reached XP level 5. HP: 44/46 MP: 4/4
  2121 | D:3      | Reached *** piety under Trog
  2147 | D:3      | Reached skill level 7 in Long Blades
  2191 | D:3      | Noticed PinkishYellow's ghost (amateur HOFi)
  2209 | D:3      | Killed PinkishYellow's ghost
  2209 | D:3      | Reached skill level 3 in Armour
  2584 | D:3      | Reached XP level 6. HP: 49/52 MP: 5/5
  3229 | D:4      | Found a basalt altar of Yredelemnul.
  3368 | D:4      | Reached skill level 4 in Armour
  3842 | D:5      | Entered Level 5 of the Dungeon
  3842 | D:5      | Noticed Sigmund
  3853 | D:5      | Reached skill level 8 in Long Blades
  3861 | D:5      | Killed Sigmund
  3861 | D:5      | Reached skill level 5 in Armour
  3861 | D:5      | Reached XP level 7. HP: 47/58 MP: 6/6
  3950 | D:5      | Reached skill level 9 in Long Blades
  3950 | D:5      | Reached skill level 6 in Armour
  3958 | D:5      | Reached **** piety under Trog
  4336 | D:5      | Reached skill level 7 in Armour
  4336 | D:5      | Reached XP level 8. HP: 66/66 MP: 7/7
  4394 | D:5      | Reached skill level 10 in Long Blades
  4838 | D:5      | Reached skill level 8 in Armour
  5021 | D:5      | Found a shimmering altar of Xom.
  5093 | D:5      | Found an oddly glowing altar of Pakellas.
  5117 | D:6      | Noticed Erad1cat0r's ghost (amateur HEFi)
  5132 | D:6      | Killed Erad1cat0r's ghost
  5167 | D:6      | Found a staircase to the Ecumenical Temple.
  5207 | D:6      | Found a glowing golden altar of the Shining One.
  5227 | D:6      | Reached skill level 4 in Fighting
  5379 | D:6      | Found an ancient bone altar of Kikubaaqudgha.
  5403 | D:6      | Reached skill level 11 in Long Blades
  5435 | D:6      | Found Xaehur Vucu's Food Shoppe.
  5476 | D:6      | Reached skill level 5 in Fighting
  5583 | D:6      | Noticed a hill giant
  5591 | D:6      | Killed a hill giant
  5591 | D:6      | Reached skill level 6 in Fighting
  5591 | D:6      | Reached XP level 9. HP: 33/75 MP: 8/8
  5924 | D:6      | Found Xamen's Magic Scroll Boutique.
  5942 | D:6      | Bought a scroll of magic mapping for 42 gold pieces
  5942 | D:6      | Bought a scroll of teleportation for 36 gold pieces
  5942 | D:6      | Bought a scroll of summoning for 114 gold pieces
  5942 | D:6      | Bought a scroll of recharging for 114 gold pieces
  5942 | D:6      | Bought a scroll of fear for 42 gold pieces
  5989 | D:6      | Found Efixurph's Magic Scroll Shoppe.
  5997 | D:6      | Bought a scroll of identify for 22 gold pieces
  5997 | D:6      | Bought a scroll of random uselessness for 11 gold pieces
  6242 | D:7      | Noticed Joseph
  6270 | D:7      | Killed Joseph
  6270 | D:7      | Reached skill level 7 in Fighting
  6270 | D:7      | Reached skill level 12 in Long Blades
  6511 | D:7      | Reached ***** piety under Trog
  6741 | D:7      | Reached skill level 8 in Fighting
  6784 | D:7      | Found a bloodstained altar of Trog.
  6784 | D:7      | Found an oddly glowing altar of Pakellas.
  6906 | D:7      | Found a sparkling altar of Nemelex Xobeh.
  7176 | D:6      | Bought a scroll of blinking for 82 gold pieces
  7282 | D:8      | Reached skill level 3 in Dodging
  7409 | D:8      | Found a sacrificial altar of Ru.
  7557 | D:8      | Found a radiant altar of Vehumet.
  7762 | D:8      | Reached skill level 4 in Dodging
  7762 | D:8      | Reached XP level 10. HP: 88/88 MP: 9/9
  7764 | D:8      | Noticed Grum
  7780 | D:8      | Killed Grum
  7780 | D:8      | Reached skill level 13 in Long Blades
  7989 | D:8      | Found a staircase to the Lair.
  8003 | D:8      | Noticed Gastronok
  8012 | Lair:1   | Entered Level 1 of the Lair of Beasts
  8161 | Lair:1   | Reached skill level 5 in Dodging
  8219 | D:8      | Killed Gastronok
  8219 | D:8      | Reached skill level 14 in Long Blades
  8219 | D:8      | Reached skill level 7 in Dodging
  8295 | D:8      | Noticed Erolcha
  8302 | D:8      | Killed Erolcha
  8774 | D:8      | Reached skill level 8 in Dodging
  9049 | D:9      | Reached XP level 11. HP: 87/94 MP: 10/10
  9283 | D:9      | Found a blossoming altar of Fedhas.
  9419 | D:9      | Reached skill level 1 in Evocations
  9530 | D:9      | Gained mutation: You are partially covered in rough black scales (AC +4, Dex -1). [potion of beneficial mutation]
  9578 | D:9      | Noticed a hill giant
  9585 | D:9      | Killed a hill giant
  9749 | D:10     | Entered Level 10 of the Dungeon
  9750 | D:10     | Noticed Maurice
  9759 | D:10     | Killed Maurice
  9759 | D:10     | Reached skill level 2 in Evocations
  9872 | D:10     | Received a gift from Trog
  9887 | D:10     | Reached skill level 15 in Long Blades
  9887 | D:10     | Reached skill level 3 in Evocations
 10277 | Lair:1   | Reached skill level 4 in Evocations
 10717 | Lair:1   | Reached skill level 5 in Evocations
 11207 | Lair:1   | Reached ****** piety under Trog
 11360 | Lair:2   | Reached skill level 16 in Long Blades
 11362 | Lair:2   | Reached skill level 6 in Evocations
 11559 | Lair:2   | Noticed a five-headed hydra
 11577 | Lair:2   | Killed an eight-headed hydra
 11822 | Lair:2   | Received a gift from Trog
 11827 | Lair:2   | Got an iridescent great sword {god gift}
 11828 | Lair:2   | Identified the +11 great sword of Crusades {antimagic, MR+ Str+4} (Trog gifted it to you on level 2 of the Lair of Beasts)
 11995 | Lair:2   | Reached XP level 12. HP: 93/101 MP: 5/15
 12095 | Lair:3   | Noticed a death yak
 12095 | Lair:3   | Noticed a death yak
 12095 | Lair:3   | Noticed a death yak
 12107 | Lair:2   | Killed a death yak
 12107 | Lair:2   | Reached skill level 9 in Armour
 12231 | Lair:3   | Killed a death yak
 12244 | Lair:3   | Killed a death yak
 12319 | Lair:3   | Reached skill level 17 in Long Blades
 12887 | Lair:3   | Reached skill level 18 in Long Blades
 12990 | Lair:3   | Received a gift from Trog
 13228 | Lair:4   | Found a staircase to the Snake Pit.
 13310 | Lair:4   | Found a shadowy altar of Dithmenos.
 13399 | Lair:4   | Reached skill level 9 in Dodging
 13403 | Lair:4   | Reached skill level 9 in Fighting
 14193 | Lair:5   | Received a gift from Trog
 14193 | Lair:5   | Reached skill level 10 in Armour
 14232 | Lair:5   | Reached XP level 13. HP: 109/111 MP: 5/16
 14922 | Lair:6   | Found a staircase to the Shoals.
 15045 | Lair:6   | Reached skill level 10 in Fighting
 15045 | Lair:6   | Reached skill level 10 in Dodging
 15259 | Lair:6   | Reached skill level 7 in Evocations
 16016 | Lair:6   | Received a gift from Trog
 16264 | Lair:7   | Reached skill level 8 in Evocations
 17249 | Lair:8   | Entered Level 8 of the Lair of Beasts
 17292 | Lair:6   | Reached skill level 9 in Evocations
 17661 | Lair:8   | Reached skill level 10 in Evocations
 17706 | Lair:8   | Received a gift from Trog
 18461 | Lair:8   | Noticed a dire elephant
 18461 | Lair:8   | Noticed a dire elephant
 18470 | Lair:8   | Killed a dire elephant
 18478 | Lair:8   | Killed a dire elephant
 18478 | Lair:8   | Reached XP level 14. HP: 122/122 MP: 6/20
 18722 | Lair:8   | Got a jewelled chain mail
 18895 | Lair:8   | Identified the +4 chain mail "Qoymoomeaff" {rElec MR+ Str+3 Dex+2} (You found it on level 8 of the Lair of Beasts)
 19188 | D:11     | Reached skill level 11 in Armour
 19197 | D:11     | Reached skill level 11 in Fighting
 19202 | D:11     | Noticed Snorg
 19215 | D:11     | Killed Snorg
 19354 | D:11     | Noticed Urug
 19355 | D:11     | Noticed Blork the orc
 19371 | D:11     | Killed Blork the orc
 19385 | D:11     | Killed Urug
 19821 | D:12     | Reached skill level 11 in Dodging
 19825 | D:12     | Received a gift from Trog
 19874 | D:12     | Found a labyrinth entrance.
 19901 | Lab      | Entered a labyrinth
 20467 | Lab      | Got a scintillating brass ring
 20475 | Lab      | Identified the ring of Cuvymim {rCorr MR+ Dex+4} (You found it in a labyrinth)
 20821 | D:12     | Found a staircase to the Orcish Mines.
 21104 | Orc:1    | Entered Level 1 of the Orcish Mines
 21211 | Orc:1    | Received a gift from Trog
 21214 | Orc:1    | Reached skill level 12 in Armour
 21322 | Orc:2    | Entered Level 2 of the Orcish Mines
 21322 | Orc:2    | Noticed coffecat's ghost (novice SpVM)
 21325 | Orc:2    | Killed coffecat's ghost
 21519 | Orc:2    | Found Roahupek's Jewellery Shop.
 21600 | Orc:1    | Found a roughly hewn altar of Beogh.
 21818 | Orc:2    | Found a staircase to the Elven Halls.
 22117 | Orc:2    | Reached skill level 19 in Long Blades
 22150 | Orc:2    | Received a gift from Trog
 22215 | Orc:2    | Found Idghegup's General Store.
 22238 | Orc:2    | Reached skill level 12 in Fighting
 22464 | Orc:2    | Noticed an orc warlord
 22471 | Orc:2    | Killed an orc warlord
 22533 | Orc:2    | Found Guloz's Antique Weapon Emporium.
 22539 | Orc:2    | Reached skill level 12 in Dodging
 22539 | Orc:2    | Reached XP level 15. HP: 97/133 MP: 7/21
 22641 | Orc:2    | Found Guuk's Antique Armour Boutique.
 22916 | Orc:2    | Bought a heavily runed plate armour for 672 gold pieces
 22927 | Orc:2    | Identified the cursed +0 plate armour "Ruherche" {rF++ Str-4} (You bought it in a shop on level 2 of the Orcish Mines)
 22929 | Orc:2    | Bought a glowing plate armour for 552 gold pieces
 22984 | Orc:2    | Bought a scroll of silence for 90 gold pieces
 23129 | D:13     | Noticed Frances
 23137 | D:13     | Killed Frances
 23341 | D:13     | Found Nahap's Book Shoppe.
 23836 | D:14     | Reached skill level 13 in Armour
 23849 | D:14     | Received a gift from Trog
 23887 | D:14     | Found a frozen archway.
 23901 | IceCv    | Entered an ice cave
 24288 | IceCv    | Got a smoking ice dragon armour
 24299 | IceCv    | Identified the +4 ice dragon armour of the Shining Light {rPois rF- rC++ Regen+} (You found it in an ice cave)
 24494 | D:14     | Reached skill level 13 in Fighting
 24797 | D:14     | Found a gate to the Vaults.
 25125 | D:14     | Received a gift from Trog
 25678 | D:14     | Reached skill level 13 in Dodging
 25814 | D:15     | Entered Level 15 of the Dungeon
 25996 | D:15     | Found a radiant altar of Vehumet.
 26110 | D:15     | Reached skill level 14 in Armour
 26197 | D:15     | Received a gift from Trog
 26286 | D:15     | Reached XP level 16. HP: 120/145 MP: 7/22
 26321 | D:15     | Found a staircase to the Depths.
 26697 | D:14     | Reached skill level 14 in Fighting
 26901 | Snake:1  | Entered Level 1 of the Snake Pit
 26933 | Snake:1  | Reached skill level 20 in Long Blades
 28120 | Snake:1  | Received a gift from Trog
 28367 | Orc:2    | Bought a glowing fire dragon armour for 1440 gold pieces
 28545 | Depths:1 | Entered Level 1 of the Depths
 28581 | Depths:3 | Found a one-way gate leading to the halls of Pandemonium.
 28610 | Depths:3 | Found a shattered altar of Ashenzari.
 28728 | Depths:3 | Noticed a golden dragon
 28738 | Depths:3 | Killed a golden dragon
 28766 | Depths:3 | Reached skill level 14 in Dodging
 28772 | Depths:3 | Noticed a tengu reaver
 28774 | Depths:3 | Noticed a tengu reaver
 28778 | Depths:3 | Noticed a tentacled monstrosity
 28787 | Depths:3 | Killed from afar by a tengu reaver

Vault maps used:
D:1:      lemuel_arrival_broad_hall
D:3:      wad_woods_river_04
D:4:      yredelemnul_forgotten_temple_becter
D:5:      xom_teletrap_fun, first_bread, johnstein_pakellas_dig, uniq_sigmund
D:6:      tso_oasis_becter, lemuel_crystal_altar, minmay_temple_entry_mist,
          serial_shops, shop, kennysheep_little_box, nicolae_shop_statue_plus,
          minmay_three_doors
D:7:      nemelex_deck, amethyst_overflow_temple_binary, uniq_joseph
D:8:      nicolae_ru_great_annihilating_truth, overflow_temple_1_default,
          lair_0_dummy, serial_glass, glass_columns_c, glass_columns_b,
          grunt_livestock, uniq_grum, uniq_erolcha, uniq_gastronok
D:9:      fedhas_altar_4
D:10:     uniq_maurice
D:11:     sword_in_stone, uniq_snorg
D:12:     orc_0_dummy, lab_entry_generic, nicolae_straight_to_the_point
D:13:     serial_shops, shop_fountains, uniq_frances
D:14:     minmay_stepped, hangedman_vaults_entry_quadrant_bands, serial_ice,
          serial_ice_c, serial_ice_b, serial_ice_h, serial_ice_j, serial_ice_e,
          serial_ice_m, serial_ice_o, portal_ice_cave_entry_ice_beasts,
          st_stairs_1
D:15:     grunt_enter_depths_hoard, fountainhead, basic_altar, serial_glass,
          glass_columns_a, glass_columns_a, glass_columns_c, glass_columns_a,
          glass_columns_a, glass_columns_a
Lair:2:   grunt_megastairs_4
Lair:3:   st_stairs_6, grunt_megastairs_5
Lair:4:   minmay_snake_entry_guardpost_small, basic_altar, serial_bayou_shore_b,
          grunt_megastairs_3, lemuel_fruit_fields
Lair:5:   special_room
Lair:6:   shoals_dummy_entry, wad_woods_river_02, guppyfry_lair_drakes
Lair:7:   minmay_slime_entry_oklob_enclosed, st_stairs_9,
          infiniplex_staircase_pool, serial_bayou_shore_b, serial_bayou_shore_a
Lair:8:   due_jungle_book
Snake:1:  serial_bayou_shore_b
Orc:1:    basic_altar, mines4_lemuel
Orc:2:    grunt_orc_gardens, grunt_orc_garden, grunt_orc_garden,
          grunt_orc_garden, grunt_orc_garden
Depths:1: grunt_hell_entry_dis_mu, nicolae_water_bricks, grunt_decor_clamped,
          kennysheep_doodads, spider_trap, minmay_misc_feat_diagonals,
          lemuel_flame_loot_1
Depths:2: kennysheep_six_static_rooms, enter_ziggurat_c,
          abyss_entry_small_statue_room, minivault_14, hangedman_coc_ice_floe,
          kennysheep_generic_room_4, infiniplex_staircase_squiggle,
          serial_bayou_shore_b
Depths:3: nicolae_legendary_halls, lemuel_statue_altar, pan_entry,
          marbit_kobold_abyss_entry, hell_entry, serial_bayou_shore_b,
          infiniplex_staircase_zigzag_5
Lab:      nicolae_lab_stuck, nicolae_lab_t_cross, nicolae_lab_statue
IceCv:    ice_cave_small_demon

Vanquished Creatures
  A golden dragon Gastronok Frances
  An orc warlord
  2 stone giants
  6 dire elephants
  2 ettins
  A great orb of eyes Snorg
  A minotaur
  A fire dragon
  3 naga warriors
  A rakshasa
  2 ice dragons
  4 hydras
  3 anacondas Erolcha
  A death knight
  6 centaur warriors
  3 ogre magi Urug
  3 orc high priests
  A spriggan berserker
  7 death yaks
  6 skeletal warriors
  3 unseen horrors
  3 naga ritualists
  7 orc knights
  8 hill giants
  A deep elf mage
  3 mana vipers
  3 cyclopes
  3 griffons
  2 orc sorcerers
  The ghost of coffecat the Thaumaturge, a novice SpVM of Xom
  6 ugly things
  A salamander Maurice
  5 elephants
  3 naga magi
  2 manticores Joseph
  16 black mambas
  A guardian serpent
  8 spiny frogs
  A gargoyle
  2 ice statues
  11 komodo dragons
  A yaktaur
  4 fire drakes
  9 ice devils
  3 trolls
  2 polar bears
  A wolf spider simulacrum
  A boulder beetle
  A queen bee
  The ghost of Erad1cat0r the Slasher, an amateur HEFi of Okawaru
  12 blink frogs
  2 two-headed ogres
  7 slime creatures
  A trapdoor spider Sigmund
  A wraith
  6 centaur simulacra
  2 shadows
  A human
  3 basilisks
  A hog
  A water elemental
  51 yaks
  2 wyverns Grum
  5 hungry ghosts
  8 hippogriffs
  A warg (shapeshifter)
  6 wargs
  A steam dragon
  16 vampire mosquitoes
  16 wolves
  14 nagas
  18 water moccasins
  13 porcupines
  12 ice beasts
  39 orc warriors
  3 sky beasts
  2 eyes of draining
  3 black bears
  The ghost of PinkishYellow the Skirmisher, an amateur HOFi
  A wasp
  25 ogres
  7 boggarts
  28 centaurs
  13 crocodiles
  4 big kobolds Blork the orc
  18 giant frogs
  A wyvern zombie
  3 wyvern skeletons
  A water moccasin skeleton
  3 scorpions
  40 killer bees
  8 wights
  4 electric eels
  A centaur zombie
  8 crimson imps
  2 jellies
  12 orc priests
  5 hounds
  7 centaur skeletons
  A giant frog skeleton
  11 iguanas
  26 orc wizards
  4 hell rats
  9 worker ants
  A killer bee zombie
  14 sheep
  2 hound skeletons
  2 worker ant zombies
  14 adders
  5 gnolls
  84 river rats
  5 shadow imps
  12 white imps
  12 ufetubi
  3 oozes
  3 adder zombies
  An adder skeleton
  4 worms
  4 giant geckos
  63 orcs
  9 bats
  3 giant cockroaches
  10 goblins
  9 hobgoblins
  17 jackals
  22 kobolds
  5 quokkas
  2 ball pythons
  2 giant gecko skeletons
  7 giant newts
  A quokka zombie
  11 rats
  A spectral orc
  5 fungi
  13 plants
1014 creatures vanquished.
